 Dungeon Crawl Stone Soup version 0.29-a0-998-g1987434 (webtiles) character file.

Game seed: 6603528118175151731

6 Illumine the Covered (level 1, 0/20 HPs)
             Began as a Minotaur Fighter on Aug 5, 2022.
             Slain by a quokka (2 damage)
             ... on level 1 of the Dungeon.
             The game lasted 00:00:10 (57 turns).

Illumine the Covered (Minotaur Fighter)               Turns: 57, Time: 00:00:12

Health: 0/20       AC:  7    Str: 20    XL:     1   Next: 75%
Magic:  0/0        EV:  9    Int:  5    God:
Gold:   9          SH:  4    Dex:  9    Spells: 0/0 levels left

rFire   . . .      SeeInvis .   a - +0 war axe
rCold   . . .      Faith    .   c - +0 buckler
rNeg    . . .      Spirit   .   b - +0 scale mail
rPois   .          Reflect  .   (helmet restricted)
rElec   .          Harm     .   (no cloak)
rCorr   .          Rampage  .   (no gloves)
Will    .....                   (no boots)
Stlth   ..........              (no amulet)
HPRegen 0.06/turn               (no ring)
MPRegen 0.07/turn               (no ring)

@: no status effects
A: horns 2, retaliatory headbutt
a: no special abilities


You were on level 1 of the Dungeon.
You visited 1 branch of the dungeon, and saw 1 of its levels.

You collected 9 gold pieces.

Inventory:

Hand Weapons
 a - a +0 war axe (weapon)
Armour
 b - a +0 scale mail (worn)
 c - a +0 buckler (worn)
Potions
 d - a potion of might
 e - a potion of curing {unknown}


   Skills:
 + Level 3.7 Fighting
 * Level 2.7 Axes
 + Level 3.7 Armour
 + Level 3.7 Shields


You couldn't memorise any spells.
You didn't know any spells.
Your spell library was empty.

Dungeon Overview and Level Annotations

Branches:
Dungeon (1/15)

Altars:


Innate Abilities, Weirdness & Mutations

You have a pair of horns on your head.
You reflexively headbutt those who attack you in melee.


Message History

You miss the quokka. The quokka closely misses you. The quokka bites you.
You block the hobgoblin's attack. The quokka barely misses you.
The quokka bites you.
Unknown command.
You closely miss the quokka.
The quokka is heavily wounded.
You barely miss the quokka. You closely miss the hobgoblin.
The hobgoblin hits you. You block the quokka's attack.
The quokka bites you but does no damage.
You hit the quokka.
The quokka is almost dead.
You barely miss the quokka. You hit the hobgoblin but do no damage.
You block the quokka's attack. The quokka bites you.
* * * LOW HITPOINT WARNING * * *
The hobgoblin barely misses you. You furiously retaliate!
You headbutt the hobgoblin.
The quokka bites you but does no damage.
You block the quokka's attack.
The hobgoblin hits you but does no damage.
You closely miss the quokka.
The quokka is almost dead.
You miss the quokka. You hit the hobgoblin.
You kill the hobgoblin!
You block the quokka's attack.
The quokka bites you but does no damage.
The quokka barely misses you.
The quokka bites you but does no damage.
You closely miss the quokka.
The quokka is almost dead.
You closely miss the quokka. You block the quokka's attack.
The quokka bites you.
* * * LOW HITPOINT WARNING * * *
The quokka closely misses you.
Unknown command.
You closely miss the quokka. Your headbutt misses the quokka.
The quokka is almost dead.
You hit the quokka. You block the quokka's attack. The quokka bites you.
* * * LOW HITPOINT WARNING * * *
The quokka bites you.
You die...

#...#.....##[.....# #..
#...........#.# #..
#........####.#
###...#...##...####'###
......#......####.8.8.#
......#......# #.....#
.............# #.....#
........###### #.8.8.#
.......@# #.....#
......†rr# ##.....##
.........# #..8.8..'
.........# ##.....##
.........# #8.....8#
.........# #...<...#
.........# #########
##(......#


You could see 2 quokkas.

Vanquished Creatures
  An endoplasm (D:1)
  A hobgoblin (D:1)
  2 jackals (D:1)
  A frilled lizard (D:1)
5 creatures vanquished.

Notes
Turn   | Place    | Note
-------+----------+-------------------------------------------
     0 | D:1      | Illumine the Minotaur Fighter began the quest for the Orb.
     0 | D:1      | Reached XP level 1. HP: 19/19 MP: 0/0
    57 | D:1      | Slain by a quokka

Illustrated notes

Levels and vault maps discovered:
D:1:      elethiomel_arrival_quiet, layout_basic, nrook_mini_backslash

Action                   || total
-------------------------++-------
Melee: War axe           ||    11
       Headbutt          ||     2
Armor: Scale mail        ||    13
Dodge: Dodged            ||    10
Block: Buckler           ||     8

Table legend: (Time is in decaauts)
 A = Elapsed time spent in this place.
 B = Non-inter-level travel time spent in this place.
 C = Inter-level travel time spent in this place.
 D = Time resting spent in this place.
 E = Time spent auto-exploring this place.
 F = Levels seen in this place.
 G = Mean time per level.
                   A        B        C        D        E       F      G
               +--------+--------+--------+--------+--------+-----+--------+
         Total |     61 |     61 |      0 |      0 |     37 |   1 |   61.0 |
       Dungeon |     61 |     61 |      0 |      0 |     37 |   1 |   61.0 |
               +--------+--------+--------+--------+--------+-----+--------+

Top non-repeatable levels by time:
     D:1: 61 daAuts
